 Dungeon Crawl Stone Soup version 0.29.1-15-g9cfb28693d (webtiles) character file.

Game seed: 3195630752679867887

45 kingofthe the Firebug (level 3, 0/19 HPs)
             Began as a Deep Elf Fire Elementalist on Feb 25, 2023.
             Succumbed to Robin's poison
             ... on level 2 of the Dungeon.
             The game lasted 00:03:38 (1428 turns).

kingofthe the Firebug (Deep Elf Fire Elementalist)  Turns: 1428, Time: 00:03:39

Health: 0/19       AC:  2    Str:  5    XL:     3   Next: 42%
Magic:  2/10       EV: 13    Int: 19    God:
Gold:   6          SH:  0    Dex: 17    Spells: 8/9 levels left

rFire   . . .      SeeInvis .   c - +2 dagger (elec)
rCold   . . .      Faith    .   (no shield)
rNeg    + . .      Spirit   .   a - +0 robe
rPois   .          Reflect  .   (no helmet)
rElec   .          Harm     .   (no cloak)
rCorr   .          Rampage  .   (no gloves)
Will    .....                   (no boots)
Stlth   ++........              (no amulet)
HPRegen 0.06/turn               N - ring of positive energy
MPRegen 0.12/turn               (no ring)

@: lethally poisoned (0 -> -16), very slightly contaminated
A: no striking features
a: no special abilities


You were on level 2 of the Dungeon.
You visited 1 branch of the dungeon, and saw 2 of its levels.

You collected 6 gold pieces.


   Skills:
 + Level 3.0 Dodging
 + Level 3.1 Stealth
 + Level 3.5 Spellcasting
 + Level 1.9 Conjurations
 + Level 3.6 Fire Magic


You had 8 spell levels left.
You knew the following spells:

 Your Spells              Type           Power      Damage    Failure   Level
a - Foxfire               Conj/Fire      56%        2x1d6     4%          1

Your spell library contained the following spells:

 Spells                   Type           Power      Damage    Failure   Level
 Scorch                   Fire           34%        2d7       4%          2
 Conjure Flame            Conj/Fire      14%        6-21      14%         3
 Inner Flame              Hex/Fire       10%        N/A       21%         3
 Flame Wave               Conj/Fire      14%        2d6       41%         4

Inventory:

Hand Weapons
 c - a +2 dagger of electrocution (weapon)
Armour
 a - a +0 robe (worn)
Jewellery
 N - a ring of positive energy (left hand)
Scrolls
 d - a scroll of magic mapping {unknown}
 e - a scroll of immolation {unknown}
 f - a scroll of blinking {unknown}
 g - a scroll of amnesia {unknown}
 h - a scroll of teleportation {unknown}
Potions
 b - a potion of magic

Dungeon Overview and Level Annotations

Branches:
Dungeon (2/15)

Altars:

### ..#
#.# #g#
#g#
#)#####
#@g.†.#
#####.#
#.# #.#
#.# #.#
#.#
##.#
#..#


You could see a hobgoblin (strong) and 2 goblins.


Message History

Robin is lightly wounded.
The foxfire hits Robin.
Robin is heavily wounded.
A hobgoblin comes into view.
Casting: Foxfire (safe; 4% risk of failure)
Confirm with . or Enter, or press ? or * to list all spells.
You miscast Foxfire.
You are very lightly contaminated with residual magic.
Nothing appears to happen.
Casting: Foxfire (safe; 4% risk of failure)
Confirm with . or Enter, or press ? or * to list all spells.
You miscast Foxfire.
Nothing appears to happen.
A goblin comes into view. It is wielding a +0 dagger.
The goblin barely misses you.
Robin hits you with a +2 dagger of venom.
You are poisoned.
Things that are here:
a +0 dagger; a hobgoblin corpse You feel very sick.
Robin hits you with a +2 dagger of venom.
* * * LOW HITPOINT WARNING * * *
You are more poisoned.
You hit Robin. Lightning courses through Robin!!
You kill Robin!
* * * LOW HITPOINT WARNING * * *
You feel very sick.
Your Dodging skill increases to level 3!
You hit the goblin.
The goblin is moderately wounded.
You die...

Skill      XL: |  1  2  3 |
---------------+----------+-----
Stealth        | 3 |  3.1
Dodging        | 3 |  3.0
Spellcasting   | |  3.5
Conjurations   | |  1.9
Fire Magic     | |  3.6

Action                   || total
-------------------------++-------
Melee: Dagger            ||     5
 Cast: Foxfire           ||    55
 Stab: Sleeping          ||     1
Armor: Robe              ||     1
Dodge: Dodged            ||     3

Levels and vault maps discovered:
D:1:      dpeg_arrival_round_c, layout_basic
D:2:      layout_basic, serial_curves, eino_curves_02, eino_curves_02,
          chequers_serial_rivers_large_b, minmay_distorted, uniq_natasha,
          uniq_robin

Notes
Turn   | Place    | Note
-------+----------+-------------------------------------------
     0 | D:1      | kingofthe the Deep Elf Fire Elementalist began the quest
                  | for the Orb.
     0 | D:1      | Reached XP level 1. HP: 10/10 MP: 6/6
   253 | D:1      | Reached XP level 2. HP: 15/15 MP: 5/8
  1149 | D:1      | Reached XP level 3. HP: 19/19 MP: 7/9
  1306 | D:1      | Reached skill level 3 in Stealth
  1418 | D:2      | Noticed Robin
  1427 | D:2      | Killed Robin
  1428 | D:2      | Reached skill level 3 in Dodging
  1428 | D:2      | Succumbed to Robin's poison

Vanquished Creatures
  Robin (D:2)
  A dart slug (D:1)
  2 endoplasms (D:1)
  2 giant cockroaches (D:1)
  5 goblins
  6 hobgoblins
  A kobold (D:1)
  6 ball pythons (D:1)
  A bat (D:1)
  2 frilled lizards
  2 rats (D:1)
29 creatures vanquished.

Vanquished Creatures (others)
  81 foxfires
81 creatures vanquished.

Grand Total: 110 creatures vanquished

Table legend: (Time is in decaauts)
 A = Elapsed time spent in this place.
 B = Non-inter-level travel time spent in this place.
 C = Inter-level travel time spent in this place.
 D = Time resting spent in this place.
 E = Time spent auto-exploring this place.
 F = Levels seen in this place.
 G = Mean time per level.
                   A        B        C        D        E       F      G
               +--------+--------+--------+--------+--------+-----+--------+
         Total |   1426 |   1418 |      8 |      0 |   1222 |   2 |  713.0 |
       Dungeon |   1426 |   1418 |      8 |      0 |   1222 |   2 |  713.0 |
               +--------+--------+--------+--------+--------+-----+--------+

Top non-repeatable levels by time:
     D:1: 1384 daAuts
     D:2: 42 daAuts

Table legend:
 A = Non-vault XP
 B = Vault XP
 C = Vault XP percentage of total XP
 D = Non-vault monster count
 E = Vault monster count
 F = Vault count percentage of total count
                 A         B        C        D         E       F
            +---------+---------+-------+---------+---------+-------
      Total |      44 |      21 |  32.3 |      25 |       4 |  13.8
            +---------+---------+-------+---------+---------+-------
        D:1 |      43 |       0 |   0.0 |      24 |       0 |   0.0
        D:2 |       1 |      21 |  95.5 |       1 |       4 |  80.0
            +---------+---------+-------+---------+---------+-------
